 Dungeon Crawl Stone Soup version 0.22.1-2-g9c5b331 (webtiles) character file.

145 PaladinM the Slasher (level 5, -1/41 HPs)
             Began as a Human Fighter on Dec 31, 2018.
             Slain by Crazy Yiuf
             ... wielding a +4 quarterstaff of chaos
              (4 damage)
             ... on level 3 of the Dungeon.
             The game lasted 00:09:27 (2271 turns).

PaladinM the Slasher (Human Fighter)                Turns: 2271, Time: 00:09:27

Health: -1/41      AC:  6    Str: 17    XL:     5   Next: 53%
Magic:  5/5        EV:  6    Int:  8    God:
Gold:   119        SH:  9    Dex: 13    Spells: 4/4 levels left

rFire    . . .     SeeInvis .   a - +0 long sword
rCold    . . .     Gourm    .   c - +0 shield
rNeg     . . .     Faith    .   b - +0 scale mail
rPois    .         Spirit   .   (no helmet)
rElec    .         Reflect  .   (no cloak)
rCorr    .         Harm     .   (no gloves)
MR       .....                  (no boots)
Stlth    ..........             (no amulet)
HPRegen  0.13/turn              (no ring)
MPRegen  0.09/turn              (no ring)

@: drained
A: no striking features
a: no special abilities


You were on level 3 of the Dungeon.
You were hungry.

You visited 1 branch of the dungeon, and saw 3 of its levels.

You collected 119 gold pieces.

Inventory:

Hand Weapons
 a - a +0 long sword (weapon)
Armour
 b - a +0 scale mail (worn)
 c - a +0 shield (worn)
Wands
 j - a wand of random effects (29)
 k - a wand of polymorph (16)
 o - a wand of enslavement (15)
Scrolls
 g - 4 scrolls of teleportation {unknown}
 i - a scroll of remove curse {unknown}
 l - 2 scrolls of identify {unknown}
Potions
 d - 2 potions of might
 e - a potion of degeneration {unknown}
 h - 2 potions of curing
 m - a potion of lignification {unknown}
 n - a potion of invisibility {unknown}
Comestibles
 f - 4 rations


   Skills:
 - Level 3.0(2.7) Fighting
 + Level 5.0(4.8) Long Blades
 - Level 3.2(3.0) Armour
 - Level 0.2(0.0) Dodging
 - Level 3.1(2.8) Shields


You had 4 spell levels left.
You didn't know any spells.
Your spell library was empty.

Dungeon Overview and Level Annotations

Branches:
Dungeon (3/15)

Altars:

Annotations:
D:3 Crazy Yiuf


Message History

Crazy Yiuf hits you with a quarterstaff of chaos.
Crazy Yiuf burns you.
* * * LOW HITPOINT WARNING * * *
You can move again.
You feel sick.
Crazy Yiuf glowers.
You feel sick.
You feel sick.
Crazy Yiuf screams, "Dawk Xom senile!"
You feel sick.
You feel sick.
Crazy Yiuf whimpers, "Race!"
You feel sick.
Crazy Yiuf whimpers, "Gnoll disdain snail!"
You feel sick.
It was a potion of curing.
You feel better.
Crazy Yiuf hits you with a quarterstaff of chaos!
* * * LOW HITPOINT WARNING * * *
Crazy Yiuf burns you.
You die...

#.###<#.#.#.#.#.#.#..#........##
##.......#.#.#.#..(...#.#......'.
.........#.#.#.#..#............##
.....#####.#.#.......)#.###....##
..... #.#.#...#....#.###....##
..... #.#.#...#....#..........
.... ###.#.....#....###########
##.# #...#..<..................
#. ####.#......@#...############
#.##...(#.#.....g...............
#.....†)#.#.###.#.#.############
#.......#.#..##.................
#.......#.#...#.#.#.......#####.
#......####....####>............
#...... #....# #.......##.###
#...... #....# #.......##.# #
#...... ##...# #.......##.# #


You could see Crazy Yiuf.

Vanquished Creatures
  A worker ant (D:2)
  6 adders (D:2)
  2 oozes
  3 worms
  A dart slug (D:2)
  A leopard gecko (D:1)
  An orc (D:3)
  2 ball pythons
  A giant cockroach (D:3)
  5 hobgoblins
  4 jackals (D:2)
  9 bats
  2 frilled lizards
  4 goblins
  5 kobolds
  6 rats
53 creatures vanquished.

Notes
Turn   | Place    | Note
-------+----------+-------------------------------------------
     0 | D:1      | PaladinM the Human Fighter began the quest for the Orb.
     0 | D:1      | Reached XP level 1. HP: 18/18 MP: 1/1
   181 | D:1      | Reached XP level 2. HP: 24/24 MP: 2/2
   907 | D:2      | Reached XP level 3. HP: 25/29 MP: 3/3
   932 | D:2      | Reached skill level 3 in Long Blades
   990 | D:2      | Reached XP level 4. HP: 10/35 MP: 4/4
  1346 | D:2      | Reached skill level 4 in Long Blades
  1630 | D:2      | Reached XP level 5. HP: 40/41 MP: 5/5
  2053 | D:3      | Reached skill level 5 in Long Blades
  2238 | D:3      | Found a runed door.
  2242 | D:3      | Noticed Crazy Yiuf
  2254 | D:3      | Paralysed by Crazy Yiuf for 3 turns
  2271 | D:3      | Slain by Crazy Yiuf

Skill      XL: |  1  2  3  4  5 |
---------------+----------------+-----
Long Blades    | 3 4 5 |  5.0
Fighting       | |  3.0
Armour         | |  3.2
Dodging        | |  0.2
Shields        | |  3.1

Action                   |  1- 3 |  4- 6 || total
-------------------------+-------+-------++-------
Melee: Long sword        |    71 |   139 ||   210
  Use: Potion            |       |     1 ||     1
  Eat: Chunk             |       |     4 ||     4
Armor: Scale mail        |    36 |    54 ||    90
Dodge: Dodged            |    29 |    41 ||    70
Block: Shield            |    42 |    66 ||   108
       Rpst.: Long sword |    11 |    17 ||    28
